 Dungeon Crawl Stone Soup version 0.30-a0-329-g85436e0a43 (webtiles) character file.

Game seed: 8190376834062992835

130 Lanoc the Shield-Bearer (level 4, -1/40 HPs)
             Began as a Minotaur Fighter on Oct 28, 2022.
             Slain by a gnoll
             ... wielding a +0 flail
              (8 damage)
             ... on level 3 of the Dungeon.
             The game lasted 00:02:30 (1652 turns).

Lanoc the Shield-Bearer (Minotaur Fighter)          Turns: 1652, Time: 00:02:31

Health: -1/40      AC:  8    Str: 20    XL:     4   Next: 90%
Magic:  3/3        EV: 10    Int:  5    God:
Gold:   169        SH:  0    Dex: 12    Spells: 3/3 levels left

rFire   . . .      SeeInvis .    a - +0 long sword
rCold   . . .      Faith    .    c - +0 buckler
rNeg    . . .      Spirit   .    b - +0 scale mail
rPois   .          Reflect  .    (helmet restricted)
rElec   .          Harm     .    (no cloak)
rCorr   .          Rampage  .    m - +0 pair of gloves
Will    .....                    (no boots)
Stlth   ..........               (no amulet)
HPRegen 0.26/turn                (no ring)
MPRegen 0.08/turn                (no ring)

@: confused, ambrosia-drunk
A: horns 2, retaliatory headbutt
a: no special abilities


You were on level 3 of the Dungeon.
You visited 1 branch of the dungeon, and saw 3 of its levels.

You collected 169 gold pieces.

Inventory:

Hand Weapons
 a - a +0 long sword (weapon)
Armour
 b - a +0 scale mail (worn)
 c - a +0 buckler (worn)
 m - a +0 pair of gloves (worn)
Scrolls
 e - 5 scrolls of identify {unknown}
 g - 3 scrolls of teleportation {unknown}
 h - 3 scrolls of blinking {unknown}
 l - 2 scrolls of fear {unknown}
Potions
 d - 2 potions of might
 i - a potion of brilliance {unknown}
 j - a potion of mutation {unknown}
 k - a potion of degeneration {unknown}
 n - a potion of lignification {unknown}
 o - a potion of curing {unknown}


   Skills:
 + Level 4.2 Fighting
 * Level 4.1 Long Blades
 + Level 4.3 Armour
 + Level 1.7 Dodging
 + Level 4.3 Shields


You had 3 spell levels left.
You didn't know any spells.
Your spell library contained the following spells:

 Spells                   Type           Power      Damage    Failure   Level
 Ignite Poison            Fire/Tmut/Pois 0%         N/A       99%         3
 Kindle Blastsparks       Fire/Tloc/Air  0%         2d10      99%         3
 Freezing Cloud           Conj/Ice/Air   0%         6-21      100%        5
 Simulacrum               Ice/Necr       0%         N/A       100%        6
 Polar Vortex             Ice            0%         N/A       100%        9


Dungeon Overview and Level Annotations

Branches:
Dungeon (3/15)

Altars:

Shops:
D:1 [


Innate Abilities, Weirdness & Mutations

You have a pair of horns on your head.
You reflexively headbutt those who attack you in melee.


Message History

The gnoll shouts!
You hear a shout!
A gnoll is nearby!
The gnoll hits you with a +2 flail of protection.
You closely miss the gnoll. The gnoll hits you but does no damage.
The gnoll barely misses you.
A gnoll comes into view.
It is wielding a +0 flail and carrying a wand of iceblast (9).
You barely miss the gnoll.
The gnoll shouts!
Your headbutt misses the gnoll.
The gnoll hits you with a +2 flail of protection!
You hit the gnoll but do no damage.
The gnoll hits you with a +2 flail of protection.
You barely miss the gnoll. You block the gnoll's attack.
You hit the gnoll.
The gnoll is moderately wounded.
You block the gnoll's attack.
The gnoll hits you with a +2 flail of protection.
You are too injured to fight recklessly!
You are too injured to fight recklessly!
You hit the gnoll.
The gnoll is heavily wounded.
The gnoll hits you with a +2 flail of protection.
You hit the gnoll.
The gnoll is severely wounded.
A kobold comes into view. It is wielding a +0 short sword.
The gnoll barely misses you.
You barely miss the gnoll. Your headbutt misses the gnoll.
The gnoll is severely wounded.
The gnoll barely misses you.
You slash the gnoll!
You kill the gnoll!
The gnoll zaps a wand.
The mass of ice explodes!
The iceblast engulfs you!
* * * LOW HITPOINT WARNING * * *
You hear a shout! x2
You hit the gnoll but do no damage. The gnoll hits you with a +0 flail.
* * * LOW HITPOINT WARNING * * *
It was a potion of ambrosia.
You are confused.
You feel invigorated. The gnoll hits you with a +0 flail!
You die...

#.#.......# #.#.......#
#.#.......# #.#.#######
#.#.# #.#.# #.#†#
####.#.#############.###
................@gK.>...
.....#.#############.##.
#......# #..##### ##.##
#..## #...## #.#..#
#.##.#


You could see a gnoll and a kobold.

Vanquished Creatures
  A gnoll (D:3)
  4 adders
  3 worms
  4 endoplasms
  2 giant cockroaches (D:1)
  10 goblins
  9 hobgoblins
  3 jackals (D:3)
  8 kobolds
  4 quokkas
  3 ball pythons
  7 bats
  5 frilled lizards
  8 rats
71 creatures vanquished.

Notes
Turn   | Place    | Note
-------+----------+-------------------------------------------
     0 | D:1      | Lanoc the Minotaur Fighter began the quest for the Orb.
     0 | D:1      | Reached XP level 1. HP: 19/19 MP: 0/0
    80 | D:1      | Reached XP level 2. HP: 25/27 MP: 1/1
   122 | D:1      | Found Qotaos's Armour Shop.
   316 | D:1      | Reached XP level 3. HP: 27/33 MP: 2/2
   424 | D:1      | Reached skill level 1 in Dodging
  1049 | D:2      | Reached XP level 4. HP: 37/40 MP: 3/3
  1652 | D:3      | Slain by a gnoll

Illustrated notes

Levels and vault maps discovered:
D:1:      spicycebolla_arrival_risky_transporter, layout_rooms, serial_shops,
          nicolae_shop_crystal, st_stairs_9, chequers_serial_rivers_room_a,
          minmay_octomino_e4
D:2:      layout_rooms
D:3:      layout_basic

Skill      XL: |  1  2  3  4 |
---------------+-------------+-----
Long Blades    | 3 4 |  4.1
Dodging        | 1 |  1.7
Shields        | 4 |  4.3
Armour         | 4 |  4.3
Fighting       | 4 |  4.2

Action                   |  1- 3 |  4- 6 || total
-------------------------+-------+-------++-------
Melee: Long sword        |   112 |    53 ||   165
       Headbutt          |     8 |     5 ||    13
  Use: Potion            |       |     1 ||     1
Armor: Scale mail        |    75 |    22 ||    97
Dodge: Dodged            |    63 |    26 ||    89
Block: Buckler           |    33 |     7 ||    40

Table legend: (Time is in decaauts)
 A = Elapsed time spent in this place.
 B = Non-inter-level travel time spent in this place.
 C = Inter-level travel time spent in this place.
 D = Time resting spent in this place.
 E = Time spent auto-exploring this place.
 F = Levels seen in this place.
 G = Mean time per level.
                   A        B        C        D        E       F      G
               +--------+--------+--------+--------+--------+-----+--------+
         Total |   1698 |   1683 |     15 |      0 |   1291 |   3 |  566.0 |
       Dungeon |   1698 |   1683 |     15 |      0 |   1291 |   3 |  566.0 |
               +--------+--------+--------+--------+--------+-----+--------+

Top non-repeatable levels by time:
     D:1: 690 daAuts
     D:2: 506 daAuts
     D:3: 502 daAuts
